 Dungeon Crawl Stone Soup version 0.19-a0-1223-gf83d13a (webtiles) character file.

584 dobroeutro the Cleaver (level 7, -13/51 HPs)
             Began as a Minotaur Fighter on Aug 24, 2016.
             Killed by divine providence
             ... invoked by an orc priest
              (14 damage)
             ... on level 4 of the Dungeon.
             The game lasted 00:06:16 (2684 turns).

dobroeutro the Cleaver (Minotaur Fighter)           Turns: 2684, Time: 00:06:21

Health: -13/51     AC: 10    Str: 23    XL:     7   Next: 14%
Magic:  6/6        EV:  8    Int:  5    God:
Gold:   169        SH: 10    Dex: 13    Spells: 0 memorised, 6 levels left

rFire  + . .     SeeInvis .     a - +0 war axe
rCold  . . .     Gourm    .     b - +0 scale mail
rNeg   . . .     Faith    .     c - +0 shield
rPois  .         Spirit   .     (helmet restricted)
rElec  .         Dismiss  .     (no cloak)
rCorr  .         Reflect  .     o - +0 pair of gloves
MR     .....     Harm     .     v - +1 pair of boots
Stlth  ..........               (no amulet)
                                (no ring)
                                u - ring of protection from fire

@: flying
A: retaliatory headbutt, horns 2, agile 1, frail 1, mutation resistance 1,
strong 1, sturdy frame 1
a: no special abilities


You were on level 4 of the Dungeon.
You were very hungry.

You visited 1 branch of the dungeon, and saw 4 of its levels.

You collected 169 gold pieces.

Inventory:

Hand Weapons
 a - a +0 war axe (weapon)
 l - a +2 trident of pain
Armour
 b - a +0 scale mail (worn)
 c - a +0 shield (worn)
 o - a +0 pair of gloves (worn)
 v - a +1 pair of boots (worn)
Jewellery
 u - a ring of protection from fire (left hand)
Wands
 t - a wand of iceblast (2/15)
Scrolls
 k - 3 scrolls of teleportation
 m - a scroll of enchant armour
 p - a scroll of amnesia {unknown}
 x - 2 scrolls of remove curse
 y - a scroll of magic mapping {unknown}
 z - 2 scrolls of fog {unknown}
Potions
 d - 2 potions of might
 e - a potion of resistance {unknown}
 g - a potion of degeneration {unknown}
 i - a potion of cure mutation {unknown}
 j - a potion of brilliance {unknown}
 n - a potion of ambrosia {unknown}
 q - a potion of haste {unknown}
 s - a potion of curing {unknown}
Comestibles
 f - 2 bread rations
 h - 5 meat rations
 w - 4 fruits


   Skills:
 - Level 3.6 Fighting
 + Level 9.5 Axes
 - Level 3.6 Armour
 - Level 3.6 Shields


You had 6 spell levels left.
You didn't know any spells.

Dungeon Overview and Level Annotations

Branches:
Dungeon (4/15)
 Temple: D:4-7

Altars:
Gozag
Hepliaklqana
Makhleb
Sif Muna
Uskayaw
Zin


Innate Abilities, Weirdness & Mutations

You reflexively headbutt those who attack you in melee.
You have a pair of horns on your head.
You are agile. (Dex +2)
You are frail. (-10% HP)
You are somewhat resistant to further mutation.
Your muscles are strong. (Str +2)
Your movements are slightly less encumbered by armour. (ER -2)


Message History

* * * LOW HITPOINT WARNING * * *
You block the orc priest's attack.
You slash the orc priest!
The orc priest is severely wounded.
You hit something.
You hit the orc priest but do no damage.
The orc priest invokes the aid of Beogh against you.
Pain shoots through your body!
* * * LOW HITPOINT WARNING * * *
You hear some strange, mumbled words.
A magic dart appears from out of thin air!
The magic dart hits you! The orc priest barely misses you.
It was a potion of flight.
You feel very buoyant.
You fly up into the air.
The orc wizard gestures wildly while chanting.
The orc wizard blinks!
The orc priest mumbles some strange prayers to Beogh against you.
Beogh smites you!
You die...

#..# #..## #.>.# ##...#
#...# ##...### #...##
###....## #.)..## #
###...## #.....## #
##...## #......### #
##...#####..o....o. #
####........@o...... #
#.##........{)...... ##
#.##†..........§...>
.####(#.##...###........
#.(.#..####### #####....
...#.#.# #### ###..####
#.#..##.# ...###.##


You could see 2 orc priests and an orc wizard.

Vanquished Creatures
  The ghost of Dirtsage the Insei, an amateur DsMo (D:4)
  A phantom (D:4)
  A scorpion (D:4)
  An orc priest (D:3)
  A hound (D:4)
  3 worker ants (D:4)
  8 adders
  A shadow imp (D:4)
  An ooze (D:4)
  An adder skeleton (D:4)
  2 worms
  2 dart slugs
  3 giant geckos
  14 orcs
  6 bats
  3 giant cockroaches
  5 goblins
  6 hobgoblins
  8 kobolds
  3 quokkas (D:4)
  2 ball pythons
  7 giant newts
  2 rats
82 creatures vanquished.

Vanquished Creatures (others)
  A ghoul (D:1)
  An octopode (D:1)
  2 vine stalkers (D:1)
  2 elves (D:1)
  2 trolls (D:1)
  A vampire (D:1)
  A spriggan (D:1)
  A human (D:1)
  A naga (D:1)
  An ogre (D:1)
  A mummy (D:1)
  A kobold (D:1)
  5 tentacles (D:1)
20 creatures vanquished.

Grand Total: 102 creatures vanquished

Notes
Turn   | Place    | Note
-------+----------+-------------------------------------------
     0 | D:1      | dobroeutro the Minotaur Fighter began the quest for the Orb.
     0 | D:1      | Reached XP level 1. HP: 19/19 MP: 0/0
     2 | D:1      | Noticed a vine stalker
     2 | D:1      | Noticed a human
     2 | D:1      | Noticed an ogre
     2 | D:1      | Noticed an elf
     2 | D:1      | Noticed a naga
     2 | D:1      | Noticed a troll
     2 | D:1      | Noticed a vine stalker
     2 | D:1      | Noticed a spriggan
     2 | D:1      | Noticed a kraken
     2 | D:1      | Noticed an octopode
     2 | D:1      | Noticed a troll
     2 | D:1      | Noticed a ghoul
     2 | D:1      | Noticed an elf
     2 | D:1      | Noticed a vampire
     2 | D:1      | Killed a human
     4 | D:1      | Killed an ogre
     4 | D:1      | Killed a troll
     5 | D:1      | Killed a spriggan
     6 | D:1      | Killed a vine stalker
     6 | D:1      | Killed an octopode
     7 | D:1      | Killed a naga
     8 | D:1      | Killed an elf
     9 | D:1      | Killed a vine stalker
    10 | D:1      | Killed an elf
    11 | D:1      | Killed a vampire
    11 | D:1      | Killed a troll
    13 | D:1      | Killed a ghoul
    95 | D:1      | Reached skill level 3 in Axes
   171 | D:1      | Reached XP level 2. HP: 21/26 MP: 1/1
   405 | D:1      | Reached skill level 4 in Axes
   614 | D:2      | Reached XP level 3. HP: 31/31 MP: 2/2
   783 | D:2      | Found an opulent altar of Gozag.
   936 | D:2      | Found a hazy altar of Hepliaklqana.
   970 | D:2      | Noticed a dagger
   970 | D:2      | Found a hide-covered altar of Uskayaw.
   970 | D:2      | Noticed a dagger
  1136 | D:2      | Reached skill level 5 in Axes
  1146 | D:3      | Found a faded altar of an unknown god.
  1214 | D:3      | Reached XP level 4. HP: 39/39 MP: 3/3
  1230 | D:3      | Found a burning altar of Makhleb.
  1325 | D:3      | Reached skill level 6 in Axes
  1716 | D:3      | Reached XP level 5. HP: 45/45 MP: 4/4
  2009 | D:4      | Noticed a phantom
  2028 | D:4      | Killed a phantom
  2028 | D:4      | Reached skill level 7 in Axes
  2028 | D:4      | Reached XP level 6. HP: 24/51 MP: 5/5
  2060 | D:4      | Reached skill level 8 in Axes
  2073 | D:4      | Noticed Dirtsage's ghost (amateur DsMo)
  2084 | D:4      | Killed Dirtsage's ghost
  2084 | D:4      | Reached skill level 9 in Axes
  2189 | D:4      | Gained mutation: You are frail. (-10% HP) [potion of mutation]
  2189 | D:4      | Gained mutation: Your muscles are strong. (Str +2) [potion of mutation]
  2189 | D:4      | Gained mutation: You are agile. (Dex +2) [potion of mutation]
  2190 | D:4      | Gained mutation: You are somewhat resistant to further mutation. [potion of mutation]
  2190 | D:4      | Gained mutation: Your movements are slightly less encumbered by armour. (ER -2) [potion of mutation]
  2259 | D:4      | Found a glowing silver altar of Zin.
  2259 | D:4      | Noticed an angel
  2297 | D:4      | Reached XP level 7. HP: 46/51 MP: 6/6
  2362 | D:4      | Found a deep blue altar of Sif Muna.
  2683 | D:4      | HP: 1/51 [orc priest/nerve-wracking pain (10)]
  2684 | D:4      | Killed from afar by an orc priest

Vault maps used:
D:1:      nicolae_arrival_kraken_aquarium_b, nrook_mini_vaults
D:2:      grunt_gozag_statues, marbit_many_paths, dancing_weapons_uskayaw,
          first_bread
D:3:      nicolae_overflow_crystal_walls, ecumenical_altar_1,
          grunt_decor_fettered
D:4:      zin_angel, moated_statue, lemuel_blue_sif_altar

Skill      XL: |  1  2  3  4  5  6 |
---------------+-------------------+-----
Axes           | 3 4 5 6 7 9 |  9.5
Fighting       | |  3.6
Armour         | |  3.6
Shields        | |  3.6

Action                   |  1- 3 |  4- 6 |  7- 9 || total
-------------------------+-------+-------+-------++-------
Melee: War axe           |    65 |    84 |    15 ||   164
       Headbutt          |    12 |    15 |     4 ||    31
       Trident           |    49 |    36 |       ||    85
  Use: Scroll            |       |     4 |       ||     4
       Potion            |       |     2 |     2 ||     4
  Eat: Chunk             |       |     5 |       ||     5
Armor: Scale mail        |    42 |    53 |     3 ||    98
Dodge: Dodged            |    32 |    34 |     5 ||    71
Block: Shield            |    45 |    57 |    12 ||   114
